 Dungeon Crawl Stone Soup version 0.28-a0-1184-g53156a8862 (webtiles) character file.

Game seed: 10931995689315769209

277 ytrimaz the Insei (level 6, -2/39 HPs)
             Began as an Octopode Transmuter on Dec 18, 2021.
             Hit by a stone thrown by a hobgoblin (4 damage)
             ... on level 3 of the Dungeon.
             The game lasted 00:02:43 (3388 turns).

ytrimaz the Insei (Octopode Transmuter)             Turns: 3388, Time: 00:02:43

Health: -2/39      AC:  1    Str:  9    XL:     6   Next: 25%
Magic:  11/11      EV: 13    Int: 23    God:
Gold:   49         SH:  0    Dex: 12    Spells: 5/11 levels left

rFire   + . .      SeeInvis .     - Unarmed
rCold   . . .      Faith    .   (no shield)
rNeg    + . .      Spirit   .   (helmet restricted)
rPois   .          Reflect  .   (no amulet)
rElec   .          Harm     .   f - ring "Picheomeu" {rF+ rN+ Int+5 Stlth+}
rCorr   .          Rampage  .   (no ring)
Will    .....                   (no ring)
Stlth   +++.......              (no ring)
HPRegen 0.13/turn               (no ring)
MPRegen 0.12/turn               (no ring)
                                (no ring)
                                (no ring)

@: about to teleport
A: almost no armour, amphibious, 8 rings, camouflage 1, gelatinous body 1,
(nimble swimmer 1), tentacles
a: no special abilities


You were on level 3 of the Dungeon.
You visited 1 branch of the dungeon, and saw 3 of its levels.

You collected 49 gold pieces.

Inventory:

Jewellery
 f - the ring "Picheomeu" (left tentacle) {rF+ rN+ Int+5 Stlth+}
   (You acquired it on level 2 of the Dungeon)

   [ring of positive energy]

   Int:       It affects your intelligence (+5).
   rF:        It protects you from fire.
   rN:        It protects you from negative energy.
   Stlth:     It makes you more stealthy.
Potions
 b - a potion of flight
 g - a potion of mutation


   Skills:
 * Level 2.3 Fighting
 * Level 3.0 Dodging
 + Level 3.9 Unarmed Combat
 * Level 3.4 Spellcasting
 * Level 3.5 Transmutations
 + Level 0.2 Poison Magic


You had 5 spell levels left.
You knew the following spells:

 Your Spells              Type           Power      Damage    Failure   Level
a - Beastly Appendage     Tmut           40%        N/A       2%          1
b - Wereblood             Tmut           20%        N/A       3%          2
c - Spider Form           Tmut/Pois      12%        N/A       16%         3

Your spell library contained the following spells:

 Spells                   Type           Power      Damage    Failure   Level
 Ice Form                 Ice/Tmut       12%        N/A       47%         4


Dungeon Overview and Level Annotations

Branches:
Dungeon (3/15)

Altars:

Shops:
D:3 [


Innate Abilities, Weirdness & Mutations

You cannot wear most types of armour.
You are amphibious.
You can wear up to eight rings at the same time.
Your skin changes colour to match your surroundings (Stealth+).
Your rubbery body absorbs attacks. (AC +1, EV +1)
((You are camouflaged near water. (Stealth+)))
You have tentacles for arms and can constrict up to eight enemies at once.


Message History

Key pressed, stopping explore.
Your tentacle spike disappears.
a - a scroll labelled SUSAG ASOMER A hobgoblin comes into view.
It is wielding a +0 war axe.
A hobgoblin is nearby!
A hobgoblin is nearby!
As you read the scroll labelled SUSAG ASOMER, it crumbles to dust.
It is a scroll of identify.
g - a potion of mutation Unknown command.
You closely miss the hobgoblin.
The hobgoblin shouts!
The hobgoblin blocks your attack.
The hobgoblin hits you with a +0 war axe.
Found a throwing net.
The hobgoblin hits you with a +0 war axe.
The hobgoblin blocks your attack.
Your grab misses the hobgoblin. The hobgoblin completely misses you.
The hobgoblin blocks your attack.
Your grab misses the hobgoblin. Your squeeze misses the hobgoblin.
The hobgoblin hits you with a +0 war axe!
You completely miss the hobgoblin. You grab the hobgoblin.
You constrict the hobgoblin.
The hobgoblin hits you with a +0 war axe!
You are too injured to fight recklessly!
You tentacle-slap the hobgoblin but do no damage.
The hobgoblin is moderately wounded.
You constrict the hobgoblin, but do no damage.
The hobgoblin hits you with a +0 war axe!
* * * LOW HITPOINT WARNING * * *
You are too injured to fight recklessly!
Unknown command.
You release your grip on the hobgoblin.
The hobgoblin throws a stone.
The stone hits you.
* * * LOW HITPOINT WARNING * * *
As you read the scroll of teleportation, it crumbles to dust.
You feel strangely unstable.
The hobgoblin throws a stone.
The stone closely misses you.
The hobgoblin throws a stone.
The stone hits you.
You die...

#### ### ##...
....####### ##.##.
.####......########
#.###.
..................#
#.....
(####.##g######.#.#
#####. # #.# #.# # #.
#.#### #.# #. #.@..#
#.# #. ####.# #.#. #.
#.# #.#.#### ##
#.#####.###.#....#
#..........###########
...........+..∩..>..'.
.#####.#######≈≈####.
#.#####...............
...............#......


You could see a hobgoblin.

Vanquished Creatures
  Sigmund (D:3)
  5 adders (D:2)
  A worm (D:2)
  3 dart slugs
  6 endoplasms
  2 giant cockroaches
  6 goblins
  4 hobgoblins
  3 jackals (D:1)
  2 kobolds
  A quokka (D:1)
  3 ball pythons
  7 bats
  3 frilled lizards (D:1)
  8 rats
55 creatures vanquished.

Notes
Turn   | Place    | Note
-------+----------+-------------------------------------------
     0 | D:1      | ytrimaz the Octopode Transmuter began the quest for the
                  | Orb.
     0 | D:1      | Reached XP level 1. HP: 13/13 MP: 3/3
   422 | D:1      | Reached XP level 2. HP: 18/18 MP: 5/5
   425 | D:1      | Learned a level 2 spell: Wereblood
   595 | D:1      | Found a faded altar of an unknown god.
  1030 | D:1      | Reached XP level 3. HP: 22/23 MP: 4/6
  1052 | D:1      | Learned a level 3 spell: Spider Form
  2149 | D:2      | Identified a scroll of acquirement
  2149 | D:2      | Acquired the ring "Picheomeu" {rF+ rN+ Int+5 Stlth+}
  2160 | D:2      | Reached XP level 4. HP: 18/28 MP: 5/7
  3076 | D:3      | Noticed Sigmund
  3088 | D:3      | Killed Sigmund
  3089 | D:3      | Reached XP level 5. HP: 34/34 MP: 8/10
  3089 | D:3      | Reached XP level 6. HP: 39/39 MP: 8/11
  3332 | D:3      | Found Gaucraasch's Antique Armour Shop.
  3388 | D:3      | Hit by a stone thrown by a hobgoblin

Illustrated notes

Levels and vault maps discovered:
D:1:      matt_arrival_grand_opening, layout_loops_corners,
          hellmonk_ecumenical_altar_heavens_door, minmay_fountain_box,
          minivault_14
D:2:      layout_loops_cross
D:3:      kennysheep_big_flooded_room, layout_loops_ring, gammafunk_ghost_smash,
          serial_shops, nicolae_shop_hallway_stairs,
          minmay_fractal_squares_diagonal_5, uniq_sigmund

Skill      XL: |  1  2  3  4 |
---------------+-------------+-----
Fighting       | 2 |  2.3
Dodging        | 3 |  3.0
Spellcasting   | 3 |  3.4
Transmutations | 3 |  3.5
Unarmed Combat | |  3.9
Poison Magic   | |  0.2

Action                   |  1- 3 |  4- 6 || total
-------------------------+-------+-------++-------
Melee: Unarmed           |    83 |    35 ||   118
       Constrict         |    23 |     7 ||    30
       Kick              |    15 |     4 ||    19
       Tentacles         |    12 |     3 ||    15
       Punch             |     3 |       ||     3
 Cast: Beastly Appendage |    25 |    12 ||    37
       Spider Form       |       |     1 ||     1
  Use: Scroll            |     3 |     3 ||     6
       Potion            |     1 |     4 ||     5
 Stab: Sleeping          |     8 |     9 ||    17
Armor: Skin              |    14 |     9 ||    23
Dodge: Dodged            |    45 |    14 ||    59

Table legend: (Time is in decaauts)
 A = Elapsed time spent in this place.
 B = Non-inter-level travel time spent in this place.
 C = Inter-level travel time spent in this place.
 D = Time resting spent in this place.
 E = Time spent auto-exploring this place.
 F = Levels seen in this place.
 G = Mean time per level.
                   A        B        C        D        E       F      G
               +--------+--------+--------+--------+--------+-----+--------+
         Total |   3379 |   3333 |     46 |    350 |   2529 |   3 | 1126.3 |
       Dungeon |   3379 |   3333 |     46 |    350 |   2529 |   3 | 1126.3 |
               +--------+--------+--------+--------+--------+-----+--------+

Top non-repeatable levels by time:
     D:1: 1770 daAuts
     D:2: 1265 daAuts
     D:3: 342 daAuts
